 Dungeon Crawl Stone Soup version 0.32-a0-136-gc02482bde3 (webtiles) character file.

Game seed: 17166013280020724337

129 zeratav the Sneak (level 5, -3/36 HPs)
             Began as an Octopode Shapeshifter on Feb 10, 2024.
             Was an Initiate of Gozag.
             Slain by an orc wizard
             ... wielding a +0 dagger
              (4 damage)
             ... on level 3 of the Dungeon.
             The game lasted 00:03:18 (2311 turns).

zeratav the Sneak (Octopode Shapeshifter)           Turns: 2311, Time: 00:03:19

Health: -3/36      AC:  1    Str: 15    XL:     5   Next: 12%
Magic:  5/5        EV: 13    Int: 13    God:    Gozag
Gold:   196        SH:  0    Dex: 17    Spells: 4/4 levels left

rFire   . .          .
                       - Unarmed
rCold   . . .        (no shield)
rNeg    . . .        (helmet currently unavailable)
rPois   .            j - amulet of the acrobat
rElec   .            s - +6 ring of dexterity
rCorr   .            (no ring)
SInv    .            (no ring)
Will    .....        (no ring)
Stlth   ++++         (no ring)
HPRegen 0.26/turn    (no ring)
MPRegen 0.09/turn    (no ring)
                     (no ring)

%: acrobat
@: beast-form, gold aura
A: beast (slay +1), almost no armour, amphibious, 8 rings, camouflage 1,
gelatinous body 1, (nimble swimmer 1), tentacles
a: Begin Untransformation, Renounce Religion, Potion Petition, Call Merchant,
Bribe Branch


You were on level 3 of the Dungeon.
You worshipped Gozag.
Gozag was aware of your devotion.
You were a hulking beast.
You visited 1 branch of the dungeon, and saw 5 of its levels.

You collected 288 gold pieces.
You spent 60 gold pieces at shops.
You paid 32 gold pieces to Gozag.


Innate Abilities, Weirdness & Mutations

You are a hulking beast.
Your limbs bulge with bestial killing power. (Slay +1)
You cannot wear most types of armour.
You are amphibious.
You can wear up to eight rings at the same time.
Your skin changes colour to match your surroundings (Stealth+).
Your rubbery body absorbs attacks. (AC +1, EV +1)
((You are camouflaged when in or above water. (Stealth+)))
You have tentacles for arms and can constrict up to eight enemies at once.


   Skills:
 + Level 3.1 Fighting
 - Level 2.0 Dodging
 - Level 5.0 Stealth
 - Level 3.0 Unarmed Combat
 - Level 3.0 Shapeshifting


You had 4 spell levels left.
You didn't know any spells.
Your spell library contained the following spells:

 Spells                   Type           Power      Damage    Failure   Level
 Foxfire                  Conj/Fire      0%         2x1d4     30%         1
 Sandblast                Erth           0%         2d4       30%         1
 Dazzling Flash           Conj/Hex       0%         N/A       67%         3
 Passwall                 Erth           0%         N/A       67%         3
 Stone Arrow              Conj/Erth      0%         3d7       67%         3
 Volatile Blastmotes      Fire/Tloc      0%         2d10      67%         3
 Brom's Barrelling Bould  Conj/Erth      0%         2d3       97%         4
 Plasma Beam              Fire/Air       0%         2x1d10    100%        6
 Starburst                Conj/Fire      0%         6d3       100%        6
 Maxwell's Capacitive Co  Air            0%         ∞         100%        8

Inventory:

Jewellery
 j - an amulet of the acrobat (around mantle)
   (You took it off a goblin on level 2 of the Dungeon)
 s - a +6 ring of dexterity (left tentacle)
   (You found it on level 3 of the Dungeon)
Talismans
 b - a beast talisman
 c - a flux talisman
 f - a maw talisman
   (You found it on level 1 of the Dungeon)
Scrolls
 g - 2 scrolls of identify {unknown}
 h - 2 scrolls of immolation {unknown}
 n - a scroll of noise {unknown}
 o - a scroll of teleportation {unknown}
 q - 2 scrolls of fear {unknown}
 r - a scroll of amnesia {unknown}
Potions
 a - 5 potions of lignification {!q}
 d - 2 potions of mutation {unknown}
 e - 2 potions of resistance {unknown}
 i - a potion of haste {unknown}
 k - 2 potions of attraction {unknown}
 l - a potion of brilliance {unknown}
 m - 2 potions of heal wounds {unknown}
 p - a potion of curing {unknown}

Dungeon Overview and Level Annotations

Branches:
Dungeon (5/15) Zot: 26527
 Temple: D:4-7

Altars:
Gozag

Shops:
D:3

:(* # #.#.#..#...............# #.
## #..⌠....)##...........####.
.### #....#..####.......#.## #.<
...# #..#.....#####.#.##.#.####.#
##o###.##.##...#....#.##........#
..............<#.#...........####
...o#####.#..........#.##..#..#
#.#o##....###.#...........###.##
#......#### #.#.h.........≈≈≈..#
#.#<.#### ###..oo###..#..#≈∩≈..#
........###..........##...≈.≈.##
...............#..####....≈.≈.#
.......####.....#...#).##.≈.≈.#
..............$........##.≈.≈####
.......................###..#...#
.......#...............###..#.#.#
..................>).............


You could see an orc priest and an orc wizard.


Message History

The adder closely misses you. The adder attacks as it pursues you!
The adder bites you.
* * * LOW HITPOINT WARNING * * *
You are poisoned.
The adder poisons you!
HP[-2]
You take 2 damage, and now have 16/36 hp.
You feel sick. The adder attacks as it pursues you! The adder misses you.
HP[-1]
You take 1 damage, and now have 15/36 hp.
You feel sick. The adder attacks as it pursues you!
The adder closely misses you.
You feel sick.
The orc priest miscasts a cantrip.
The adder closely misses you.
There is an escape hatch in the ceiling here.
HP[-1]
You take 1 damage, and now have 14/36 hp.
You feel sick. The adder misses you. A mysterious force pulls you upwards.
The hatch slams shut behind you.
You feel sick.
You are no longer poisoned.
HP[-2]
You take 2 damage, and now have 12/36 hp.
You tentacle-slap the adder. Your grab misses the adder. You squeeze the adder!
You kill the adder!
Your Fighting skill increases to level 3!
HP[+1]
You now have 190 gold pieces (gained 5).
You start resting.
HP[+23]
Your hp is fully restored (36).
There is a stone staircase leading down here.
You climb downwards.
There is a stone staircase leading up here.
You enter the deep water.
You enter the deep water.
You enter the deep water.
There is a stone staircase leading up here.
An orc is nearby!
There is a stone staircase leading up here.
The orc hits you with a +0 short sword.
You climb upwards.
There is a stone staircase leading down here.
HP[-3]
You take 3 damage, and now have 33/36 hp.
You tentacle-slap the orc. Your grab misses the orc. The orc misses you.
You tentacle-slap the orc.
You kill the orc!
You now have 196 gold pieces (gained 6).
You see here a +0 short sword {short}.
HP[+1]
You see here a +0 short sword {short}.
There is a stone staircase leading down here.
HP[+1]
You start resting.
HP[+1]
Your hp is fully restored (36).
You climb downwards.
There is a stone staircase leading up, spattered with blood here.
The orc hits you with a +0 club.
HP[-3]
You take 3 damage, and now have 33/36 hp.
The orc wizard shouts!
The orc priest shouts!
You tentacle-slap the orc. You grab the orc. You constrict the orc.
The orc hits you with a +0 club.
HP[-5]
You take 5 damage, and now have 28/36 hp.
You barely miss the orc. You constrict the orc.
You kill the orc!
HP[+1]
The orc wizard gestures at you while chanting.
You are confused.
HP[+1]
You bump into the rock wall.
You bump into the rock wall.
You bump into the rock wall.
You tentacle-slap the orc wizard. You squeeze the orc wizard.
The orc priest hits you with a +0 short sword.
The orc wizard hits you with a +0 dagger.
HP[-7]
You take 7 damage, and now have 23/36 hp.
You tentacle-slap the orc wizard.
You feel less confused.
The orc priest mumbles some strange prayers to Beogh against you.
Beogh smites you!
* * * LOW HITPOINT WARNING * * *
The orc wizard is distracted by your dazzling golden aura.
HP[-9]
You take 9 damage, and now have 14/36 hp.
MASSIVE DAMAGE!! (PAUSE)
You closely miss the orc wizard.
The orc wizard is no longer distracted by gold.
Your grab misses the orc wizard.
The orc priest invokes the aid of Beogh against you.
Beogh smites you!
* * * LOW HITPOINT WARNING * * *
The orc wizard hits you with a +0 dagger.
You die...
Your body crumbles into a pile of gold.

Skill      XL: |  1  2  3  4  5 |
---------------+----------------+-----
Stealth        | 3 5 |  5.0
Fighting       | 2 3 |  3.1
Dodging        | |  2.0
Unarmed Combat | |  3.0
Shapeshifting  | |  3.0

Action                     |  1- 3 |  4- 6 || total
---------------------------+-------+-------++-------
  Melee: Unarmed           |    46 |    49 ||    95
         Constrict         |    14 |    12 ||    26
         Tentacles         |    10 |     8 ||    18
         Punch             |     3 |     2 ||     5
   Stab: Sleeping          |    13 |     7 ||    20
 Armour: Skin              |    19 |    19 ||    38
  Dodge: Dodged            |    19 |    24 ||    43

Levels and vault maps discovered:
D:1:      minmay_arrival_doors, layout_basic, minmay_misc_feat_room,
          nicolae_grassy_gnolls
D:2:      layout_basic, basic_altar, hellmonk_ecumenical_altar_heavens_door
D:3:      layout_rooms, serial_shops, nicolae_shop_peninsula,
          nicolae_shop_bloodbath_and_beyond, nicolae_shop_peninsula,
          hangedman_feature_mirror, uniq_jessica, uniq_crazy_yiuf_cottage
D:4:      layout_cave_pools, mainiacjoe_overflow_alcove_4,
          chequers_temple_overflow_minitemple, serial_shops,
          nicolae_shop_peninsula, shop, shop, reono_crystal_passage
D:5:      layout_rooms, gammafunk_temple_overflow_statue,
          nicolae_shop_overcharged_wands

Notes
Turn   | Place    | Note
-------+----------+-------------------------------------------
     0 | D:1      | zeratav the Octopode Shapeshifter began the quest for the
                  | Orb.
     0 | D:1      | Reached XP level 1. HP: 13/13 MP: 1/1
     0 | D:1      | magus.rc [v1.9.6]
    30 | D:1      | Reached skill level 1 in Stealth
    88 | D:1      | Reached skill level 3 in Stealth
    88 | D:1      | Reached XP level 2. HP: 18/18 MP: 2/2
   243 | D:1      | You pick up a book of Fire and begin reading...
   243 | D:1      | You add the spells Foxfire, Plasma Beam and Starburst to
                  | your library.
   278 | D:1      | You pick up a book of Geomancy and begin reading...
   278 | D:1      | You add the spells Sandblast, Passwall, Stone Arrow and
                  | Brom's Barrelling Boulder to your library.
   376 | D:1      | Reached XP level 3. HP: 23/23 MP: 3/3
   537 | D:1      | Reached skill level 4 in Stealth
  1107 | D:2      | Found an opulent altar of Gozag.
  1116 | D:2      | Reached skill level 5 in Stealth
  1116 | D:2      | Reached XP level 4. HP: 21/28 MP: 4/4
  1170 | D:2      | Became a worshipper of Gozag Ym Sagoz the Greedy
  1411 | D:2      | Found a faded altar of an unknown god.
  1557 | D:2      | You pick up a book of Spectacle and begin reading...
  1557 | D:2      | You add the spells Volatile Blastmotes, Dazzling Flash and
                  | Maxwell's Capacitive Coupling to your library.
  1626 | D:3      | Found Figeppit's Weapon Emporium.
  1679 | D:3      | Found Fohas's Assorted Antiques.
  1731 | D:3      | Bought a scroll labelled RATICAL NOJI for 21 gold pieces
  1731 | D:3      | Bought a scroll labelled BOTTUFU HYPIA for 21 gold pieces
  1731 | D:3      | Bought a brown potion for 18 gold pieces
  1781 | D:3      | You fall into a shaft and drop 2 floors!
  1781 | D:5      | Entered Level 5 of the Dungeon
  1786 | D:5      | Noticed a scorpion
  1863 | D:3      | Noticed Jessica
  1873 | D:3      | Killed Jessica
  1874 | D:3      | Reached skill level 2 in Fighting
  2021 | D:3      | Found Jaosef's Book Boutique.
  2088 | D:3      | Reached XP level 5. HP: 16/36 MP: 5/5
  2107 | D:2      | Reached skill level 3 in Fighting
  2311 | D:3      | HP: 1/36 [orc priest/divine providence (13)]
  2311 | D:3      | Slain by an orc wizard

Vanquished Creatures
  Jessica (D:3)
  A gnoll (D:1)
  3 adders (D:2)
  A dart slug (D:1)
  A ribbon worm (D:2)
  7 orcs
  3 ball pythons
  3 bats
  5 endoplasms
  3 giant cockroaches
  4 goblins
  5 hobgoblins
  3 jackals (D:3)
  6 frilled lizards
  4 kobolds
  6 rats
56 creatures vanquished.

Table legend:
 A = Non-vault XP
 B = Vault XP
 C = Vault XP percentage of total XP
 D = Non-vault monster count
 E = Vault monster count
 F = Vault count percentage of total count
                 A         B        C        D         E       F
            +---------+---------+-------+---------+---------+-------
      Total |     132 |      53 |  28.6 |      52 |       4 |   7.1
            +---------+---------+-------+---------+---------+-------
        D:1 |      32 |      14 |  30.4 |      18 |       1 |   5.3
        D:2 |      68 |       0 |   0.0 |      18 |       0 |   0.0
        D:3 |      32 |      39 |  54.9 |      16 |       3 |  15.8
            +---------+---------+-------+---------+---------+-------

Skill      XL: |  1  2  3  4  5 |
---------------+----------------+-----
Stealth        | 3 5 |  5.0
Fighting       | 2 3 |  3.1
Dodging        | |  2.0
Unarmed Combat | |  3.0
Shapeshifting  | |  3.0

Action                     |  1- 3 |  4- 6 || total
---------------------------+-------+-------++-------
  Melee: Unarmed           |    46 |    49 ||    95
         Constrict         |    14 |    12 ||    26
         Tentacles         |    10 |     8 ||    18
         Punch             |     3 |     2 ||     5
   Stab: Sleeping          |    13 |     7 ||    20
 Armour: Skin              |    19 |    19 ||    38
  Dodge: Dodged            |    19 |    24 ||    43

Illustrated notes

Table legend:
 A = Kills in this place as a percentage of kills in the entire game.
 B = Kills by you in this place as a percentage of kills by you in the entire game.
 C = Kills by friends in this place as a percentage of kills by friends in the entire game.
 D = Other kills in this place as a percentage of other kills in the entire game.
 E = Experience gained in this place as a percentage of experience gained in the entire game.
 F = Experience gained in this place divided by the number of levels of this place that you have seen.
                   A       B       C       D       E      F
               +-------+-------+-------+-------+-------+----------------------
         Total | 100.0 | 100.0 |   N/A |   N/A | 100.0 |  37.0
       Dungeon | 100.0 | 100.0 |   N/A |   N/A | 100.0 |  37.0
               +-------+-------+-------+-------+-------+----------------------

Table legend: (Time is in decaauts)
 A = Elapsed time spent in this place.
 B = Non-inter-level travel time spent in this place.
 C = Inter-level travel time spent in this place.
 D = Time resting spent in this place.
 E = Time spent auto-exploring this place.
 F = Levels seen in this place.
 G = Mean time per level.
                   A        B        C        D        E       F      G
               +--------+--------+--------+--------+--------+-----+--------+
         Total |   2305 |   2185 |    120 |     90 |   1634 |   5 |  461.0 |
       Dungeon |   2305 |   2185 |    120 |     90 |   1634 |   5 |  461.0 |
               +--------+--------+--------+--------+--------+-----+--------+

Top non-repeatable levels by time:
     D:1: 931 daAuts
     D:2: 804 daAuts
     D:3: 508 daAuts
     D:5: 56 daAuts
     D:4: 4 daAuts
